 Dungeon Crawl Stone Soup version 0.19-a0-981-gaae9137 (webtiles) character file.

28733 4thArraOfDagon the Grappler (level 13, -9/127 HPs)
             Began as a Troll Earth Elementalist on July 14, 2016.
             Was a High Priest of Cheibriados.
             Mangled by a 12-headed hydra (12 damage)
             ... on level 12 of the Dungeon.
             The game lasted 00:27:10 (4593 turns).

4thArraOfDagon the Grappler (TrEE)                  Turns: 4593, Time: 00:27:11

Health: -9/127     AC: 13    Str: 31      XL:     13   Next: 11%
Magic:  3/18       EV: 17    Int: 23 (24) God:    Cheibriados [*****.]
Gold:   980        SH:  0    Dex: 27      Spells: 4 memorised, 6 levels left

rFire  . . .     SeeInvis +       - Unarmed
rCold  + . .     Gourm    +     o - +0 ice dragon armour
rNeg   . . .     Faith    .     (no shield)
rPois  +         Spirit   .     r - +0 hat {SInv}
rElec  +         Dismiss  .     h - +0 cloak
rCorr  .         Reflect  .     (gloves unavailable)
SustAt .         Harm     .     (boots unavailable)
MR     +....                    (no amulet)
Stlth  +.........               m - ring "Pauvvili" {rElec rPois}
                                x - ring of fire

@: very slow, somewhat resistant to hostile enchantments, very unstealthy
A: unfitting armour, claws 3, talons 1, thin skeletal structure 1, blink, blurry
vision 1, fast metabolism 3, gourmand, magic resistance 1, regeneration 2,
shaggy fur 1, tough skin 2, wild magic 1, no device heal 1
a: Blink, Bend Time, Temporal Distortion, Slouch, Step From Time, Renounce
Religion


You were on level 12 of the Dungeon.
You worshipped Cheibriados.
Cheibriados was extremely pleased with you.
You were very full.

You visited 3 branches of the dungeon, and saw 16 of its levels.

You collected 1280 gold pieces.
You spent 300 gold pieces at shops.

Inventory:

Hand Weapons
 l - a +0 blowgun
Missiles
 p - 9 large rocks (quivered)
Armour
 a - a +2 robe of cold resistance
 c - a +0 robe
 h - a +0 cloak (worn)
 j - a troll hide
 o - a +0 ice dragon armour (worn)
 r - a +0 hat of see invisible (worn)
 z - a +2 robe of the Archmagi
Jewellery
 f - an uncursed ring of ice
 m - the ring "Pauvvili" (right claw) {rElec rPois}
   (You found it on level 10 of the Dungeon)

   [ring of poison resistance]

   It insulates you from electricity.
   It protects you from poison.
 n - an uncursed ring of teleportation
 t - an uncursed ring of magical power
 u - an uncursed ring of protection from magic
 v - a +2 ring of intelligence
 x - a ring of fire (left claw)
 F - an uncursed ring of fire
Wands
 q - a wand of digging (11/24)
 w - a wand of random effects (13/48)
Scrolls
 k - a scroll of enchant armour
 y - a scroll of recharging
 A - 4 scrolls of teleportation
 B - a scroll of magic mapping
 C - a scroll of fog
 D - a scroll of remove curse
 E - a scroll of enchant weapon {unknown}
Potions
 b - a potion of cancellation
 s - a potion of curing
Books
 e - a book of Geomancy

   Spells                             Type                      Level
   a - Sandblast                      Earth                        1
   b - Passwall                       Transmutation/Earth          2
   c - Stone Arrow                    Conjuration/Earth            3
   d - Petrify                        Transmutation/Earth          4
   e - Lee's Rapid Deconstruction     Earth                        5
Comestibles
 d - 7 bread rations
 g - a meat ration
 i - 10 royal jellies


   Skills:
 + Level 7.8 Fighting
 - Level 10.0 Dodging
 - Level 1.1 Stealth
 * Level 14.0 Unarmed Combat
 - Level 1.2 Spellcasting
   Level 0.6 Transmutations
 - Level 2.6 Earth Magic
 + Level 8.5 Invocations


You had 6 spell levels left.
You knew the following spells:

 Your Spells              Type           Power        Failure   Level  Hunger
a - Sandblast             Erth           ###...       17%         1    ##.....
b - Apportation           Tloc           #.........   47%         1    ##.....
c - Blink                 Tloc           N/A          69%         2    ###....
d - Passage of Golubria   Tloc           N/A          100%        4    #####..


Dungeon Overview and Level Annotations

Branches:
Dungeon (13/15)            Temple (1/1) D:4            Lair (0/6) D:9
    Orc (2/2) D:12            Elf (0/3) Orc:2
 Vaults: D:13-14

Altars:
Ashenzari
Cheibriados
Elyvilon
Hepliaklqana
Nemelex Xobeh
Okawaru
Sif Muna
Trog
Xom
Yredelemnul
Zin

Shops:
D:4 =   Orc:1 (   Orc:2 [?*(


Innate Abilities, Weirdness & Mutations

You are too large for most types of armour.
You have claws for hands.
Your metabolism is lightning-fast.
You like to eat raw meat.
You heal very quickly.
You are covered in fur. (AC +1)
You have very tough skin. (AC +2)
You have sharp toenails.
You have a somewhat thin skeletal structure. (Dex +2, Stealth)
You can translocate small distances at will.
Scrolls take you a little longer to read.
You are resistant to hostile enchantments. (MR+)
Your spells are a little harder to cast, but a little more powerful.
Potions and wands are less effective at restoring your health.


Message History

Evoke which item? (* to show all) (? for menu, Esc to quit)
Okay, then.
Really read with blurry vision while enemies are nearby?
You begin reading the scroll.
You continue reading the scroll.
The 12-headed hydra is no longer moving slowly.
The 12-headed hydra bites you.
* * * LOW HITPOINT WARNING * * *
The 12-headed hydra barely misses you. x2; The 12-headed hydra misses you.
The 12-headed hydra bites you but does no damage.
The 12-headed hydra bites you.
* * * LOW HITPOINT WARNING * * *
The 12-headed hydra bites you but does no damage. x2
The 12-headed hydra bites you.
* * * LOW HITPOINT WARNING * * *
The 12-headed hydra bites you!
* * * LOW HITPOINT WARNING * * *
The 12-headed hydra bites you.
* * * LOW HITPOINT WARNING * * *
The 12-headed hydra bites you!
You die...

##[.####.#.# #.
#..## #.#.# #.
#...###.#.# #.
#....##.#.# #.
#######.)..##.#.##
##.
.(.........##.##.##
##.#
)(........####.##.#
#.##
≈≈≈8...##..###.##.#
##.#
≈≈8≈...###.##.##@##
##.##
).≈≈[.).##.#.##D##
##.##
#.≈≈.)..##.#.#o#
###.##
##≈≈....##.#.#(
#..##
[.[....###.#.# #.##
##≈≈.#.# #.#.# #.#
#.≈≈.#.# #.#.##
##.# '.≈≈.#.#
#.##.## ##.##
≈≈8≈.#.# #..##.##
##.##


You could see a 12-headed hydra and an orc.

Vanquished Creatures
  Gastronok (D:12)
  A hydra (D:13)
  Erica (D:10)
  3 centaur warriors (D:13)
  Urug (D:12)
  An unseen horror (D:13)
  3 hill giants (D:12)
  3 orc knights
  3 ugly things (D:12)
  3 cyclopes
  A deep elf mage (D:13)
  2 centaur skeletons
  A gargoyle (D:12)
  3 trolls
  2 two-headed ogres
  A shadow (D:11)
  18 yaks
  A wyvern (D:13)
  A steam dragon (D:13)
  6 vampire mosquitoes
  2 hippogriffs
  2 wargs (Orc:2)
  A soldier ant (D:13)
  A giant eyeball (D:13)
  30 orc warriors
  A porcupine (D:9)
  A sky beast (D:5)
  2 ice beasts (D:12)
  2 black bears
  A phantom (D:12)
  5 ogres
  A necrophage (D:11)
  11 centaurs
  3 big kobolds
  5 giant frogs
  A wyvern skeleton (D:9)
  4 scorpions
  2 electric eels (D:12)
  3 howler monkeys (D:7)
  4 crimson imps
  A giant frog zombie (D:12)
  2 quasits
  4 hounds
  10 orc priests
  5 jellies
  Jessica (D:3)
  A giant frog skeleton (D:13)
  Natasha (twice) (D:3)
  2 iguanas
  15 orc wizards
  7 worker ants
  Terence (D:3)
  A hell rat (D:9)
  A sheep (D:9)
  A worker ant zombie (D:10)
  A howler monkey zombie (D:6)
  4 gnolls (D:6)
  8 adders
  5 oozes
  2 worms
  3 giant geckos
  48 orcs
  3 giant cockroaches (D:5)
  3 goblins
  4 hobgoblins
  8 jackals
  4 quokkas
  3 bats (D:2)
  A giant gecko skeleton (D:6)
  A giant newt (D:4)
  21 kobolds
  4 rats
315 creatures vanquished.

Vanquished Creatures (others)
  An ooze (D:10)
1 creature vanquished.

Grand Total: 316 creatures vanquished

Notes
Turn   | Place    | Note
-------+----------+-------------------------------------------
     0 | D:1      | 4thArraOfDagon the Troll Earth Elementalist began the quest for the Orb.
     0 | D:1      | Reached XP level 1. HP: 16/16 MP: 1/1
     0 | D:1      | them
     0 | D:1      | trees
    11 | D:1      | Reached skill level 1 in Unarmed Combat
    35 | D:2      | Reached skill level 2 in Unarmed Combat
    35 | D:2      | Reached XP level 2. HP: 14/24 MP: 2/2
   106 | D:3      | Found a white marble altar of Elyvilon.
   180 | D:4      | Found a basalt altar of Yredelemnul.
   200 | D:4      | Reached skill level 3 in Unarmed Combat
   200 | D:4      | Reached XP level 3. HP: 27/31 MP: 0/3
   218 | D:4      | Found a staircase to the Ecumenical Temple.
   231 | Temple   | Entered the Ecumenical Temple
   248 | Temple   | Became a worshipper of Cheibriados the Contemplative
   431 | D:2      | Found a deep blue altar of Sif Muna.
   500 | D:2      | Reached * piety under Cheibriados
   576 | D:3      | Reached XP level 4. HP: 36/39 MP: 4/4
   600 | D:3      | Noticed Natasha
   607 | D:3      | Killed Natasha
   607 | D:3      | Reached skill level 4 in Unarmed Combat
   612 | D:3      | Noticed Jessica
   627 | D:3      | Killed Jessica
   651 | D:3      | Noticed Natasha
   656 | D:3      | Killed Natasha
   656 | D:3      | Reached XP level 5. HP: 12/45 MP: 5/5
   678 | D:3      | Noticed Terence
   690 | D:3      | Killed Terence
   690 | D:3      | Reached skill level 5 in Unarmed Combat
   796 | D:4      | Found Zahal's Jewellery Shoppe.
   852 | D:4      | Reached ** piety under Cheibriados
   906 | D:5      | Entered Level 5 of the Dungeon
   927 | D:5      | Noticed a sky beast
   952 | D:5      | Killed a sky beast
   952 | D:5      | Reached skill level 1 in Invocations
   952 | D:5      | Reached XP level 6. HP: 37/54 MP: 6/6
   966 | D:5      | Reached skill level 1 in Fighting
  1006 | D:4      | Found an iron altar of Okawaru.
  1006 | D:4      | Found a hazy altar of Hepliaklqana.
  1006 | D:4      | Found a glowing silver altar of Zin.
  1006 | D:4      | Found a shattered altar of Ashenzari.
  1043 | D:4      | Reached skill level 6 in Unarmed Combat
  1109 | D:5      | Found a white marble altar of Elyvilon.
  1213 | D:5      | Reached XP level 7. HP: 43/62 MP: 7/7
  1414 | D:6      | Reached *** piety under Cheibriados
  1537 | D:7      | Reached skill level 7 in Unarmed Combat
  1557 | D:7      | Reached XP level 8. HP: 64/72 MP: 8/8
  1727 | D:8      | Reached **** piety under Cheibriados
  1769 | D:9      | Reached skill level 8 in Unarmed Combat
  1827 | D:10     | Entered Level 10 of the Dungeon
  1867 | D:9      | Reached XP level 9. HP: 72/83 MP: 10/10
  1914 | D:9      | Found a staircase to the Lair.
  2016 | D:10     | Reached skill level 9 in Unarmed Combat
  2054 | D:10     | Reached skill level 5 in Dodging
  2064 | D:10     | Reached skill level 10 in Unarmed Combat
  2064 | D:10     | Reached skill level 5 in Invocations
  2097 | D:10     | Reached ***** piety under Cheibriados
  2101 | D:10     | Noticed a troll
  2115 | D:10     | Reached XP level 10. HP: 22/94 MP: 2/12
  2116 | D:10     | Reached XP level 11. HP: 24/101 MP: 2/13
  2117 | D:10     | Noticed Erica
  2138 | D:10     | Killed Erica
  2201 | D:11     | Reached skill level 10 in Dodging
  2251 | D:10     | Got a faintly glowing steel ring
  2252 | D:10     | Identified the ring "Pauvvili" {rElec rPois} (You found it on level 10 of the Dungeon)
  2305 | D:11     | Found a snail-covered altar of Cheibriados.
  2316 | D:11     | Reached skill level 5 in Fighting
  2343 | D:11     | Learned a level 1 spell: Apportation
  2346 | D:11     | Learned a level 2 spell: Blink
  2351 | D:11     | Learned a level 4 spell: Passage of Golubria
  2407 | D:11     | You fall through a shaft for 2 floors!
  2435 | D:12     | Noticed a red ugly thing
  2435 | D:12     | Noticed a hill giant
  2464 | D:12     | Killed a hill giant
  2464 | D:12     | Reached skill level 11 in Unarmed Combat
  2477 | D:12     | Noticed a hill giant
  2486 | D:12     | Killed a hill giant
  2516 | D:12     | Noticed Gastronok
  2546 | D:12     | Killed Gastronok
  2603 | D:12     | Noticed a green ugly thing
  2612 | D:12     | Killed a green ugly thing
  2637 | D:11     | Noticed a four-headed hydra
  2743 | D:13     | Noticed a deep elf mage
  2752 | D:13     | Killed a deep elf mage
  2758 | D:13     | Reached skill level 12 in Unarmed Combat
  2805 | D:13     | Noticed a centaur warrior
  2805 | D:13     | Noticed a five-headed hydra
  2813 | D:13     | Killed a centaur warrior
  2813 | D:13     | Reached XP level 12. HP: 98/114 MP: 16/16
  2818 | D:13     | Killed an eight-headed hydra
  2835 | D:13     | Noticed a centaur warrior
  2871 | D:13     | Killed a centaur warrior
  2998 | D:13     | Noticed a centaur warrior
  3017 | D:13     | Killed a centaur warrior
  3038 | D:13     | Noticed a death knight
  3061 | D:12     | Noticed Urug
  3157 | D:12     | Killed Urug
  3157 | D:12     | Reached skill level 13 in Unarmed Combat
  3232 | D:12     | Found a staircase to the Orcish Mines.
  3241 | Orc:1    | Entered Level 1 of the Orcish Mines
  3278 | Orc:1    | Found Aptiwk's Antique Weapon Shop.
  3401 | Orc:2    | Entered Level 2 of the Orcish Mines
  3575 | Orc:2    | Found a staircase to the Elven Halls.
  3992 | Orc:2    | Found Wileus's Assorted Antiques.
  3992 | Orc:2    | Found Dousiruh's Magic Scroll Shop.
  3994 | Orc:2    | Found Ymoheq's Armour Boutique.
  3996 | Orc:2    | Found Qoej's Weapon Emporium.
  4042 | Orc:2    | Bought a scroll of teleportation for 39 gold pieces
  4042 | Orc:2    | Bought a scroll of teleportation for 39 gold pieces
  4042 | Orc:2    | Bought a scroll of teleportation for 39 gold pieces
  4042 | Orc:2    | Bought a scroll of teleportation for 39 gold pieces
  4042 | Orc:2    | Bought a scroll of magic mapping for 45 gold pieces
  4042 | Orc:2    | Bought a scroll of fog for 26 gold pieces
  4042 | Orc:2    | Bought a scroll of remove curse for 39 gold pieces
  4043 | Orc:2    | Bought a scroll labeled LET XAUGEFIE for 34 gold pieces
  4211 | D:12     | Reached XP level 13. HP: 111/126 MP: 18/18
  4239 | D:12     | Gained mutation: Your body sometimes deteriorates upon taking damage. [mutagenic meat]
  4242 | D:12     | Gained mutation: Potions and wands are less effective at restoring your health. [mutagenic meat]
  4245 | D:12     | Gained mutation: You are resistant to hostile enchantments. (MR+) [mutagenic meat]
  4374 | D:12     | Gained mutation: You can translocate small distances at will. [potion of mutation]
  4374 | D:12     | Gained mutation: Your spells are a little harder to cast, but a little more powerful. [potion of mutation]
  4374 | D:12     | Gained mutation: You have sharp toenails. [potion of mutation]
  4388 | D:12     | Gained mutation: Scrolls take you a little longer to read. [potion of mutation]
  4388 | D:12     | Lost mutation: Your body sometimes deteriorates upon taking damage. [potion of mutation]
  4388 | D:12     | Gained mutation: You have a somewhat thin skeletal structure. (Dex +2, Stealth) [potion of mutation]
  4394 | D:12     | Reached skill level 14 in Unarmed Combat
  4593 | D:12     | HP: 3/127 [12-headed hydra (5)]
  4593 | D:12     | Mangled by a 12-headed hydra

Vault maps used:
D:1:      minmay_arrival_five_plusses
D:2:      lemuel_doored_altar
D:3:      kennysheep_ying_yang, johnstein_pakellas_dig, uniq_natasha, uniq_iyjb,
          uniq_jessica, uniq_terence
D:4:      grunt_temple_overflow_open, serial_shops, shop,
          yredelemnul_altar_generic
D:5:      first_bread, minivault_23, elyvilon_altar_4
D:6:      kennysheep_generic_room_14
D:7:      gammafunk_temple_overflow_statue
D:8:      minmay_blocky_corners, serial_shops, shop
D:9:      dpeg_lair_monsters
D:10:     hangedman_little_slice_of_home, uniq_erica
D:11:     nicolae_trove_entry_diagonal, basic_altar, serial_shops,
          nicolae_shop_overgrown_old_shop
D:12:     kennysheep_snake, erik_orc_2, uniq_gastronok, uniq_urug
D:13:     serial_column_ruins, column_ruins_hut, column_ruins_hut_pillars,
          column_ruins_corridor_straight, column_ruins_open_tiny_water,
          column_ruins_open_small, column_ruins_open_small, column_ruins_grid_4,
          onia_ninara_cookie
Temple:   oiseaux_autumnal_temple
Orc:1:    serial_shops, nicolae_shop_statue_plus
Orc:2:    st_orc_rangers

Skill      XL: |  1  2  3  4  5  6  7  8  9 10 11 12 13 |
---------------+----------------------------------------+-----
Unarmed Combat | 2 3 4 5 6 7 8 10 12 13 14 | 14.0
Dodging        | 2 3 4 9 10 | 10.0
Invocations    | 1 2 3 5 6 8 |  8.5
Fighting       | 1 2 3 4 6 7 |  7.8
Stealth        | |  1.1
Spellcasting   | |  1.2
Transmutations | |  0.6
Earth Magic    | |  2.6

Action                   |  1- 3 |  4- 6 |  7- 9 | 10-12 | 13-15 || total
-------------------------+-------+-------+-------+-------+-------++-------
Melee: Unarmed           |    76 |   115 |   263 |   411 |    45 ||   910
       Punch             |       |       |    15 |    50 |     4 ||    69
       Kick              |       |       |       |       |     9 ||     9
Throw: Large rock        |       |       |       |       |     2 ||     2
 Cast: Sandblast         |     2 |       |       |       |       ||     2
Invok: Slouch            |       |       |     2 |     5 |     2 ||     9
       Bend Time         |       |       |       |     4 |     4 ||     8
       Temporal Distorti |       |       |       |       |     2 ||     2
Evoke: Wand              |       |       |       |     2 |       ||     2
  Use: Scroll            |       |     1 |     3 |     6 |     1 ||    11
       Potion            |       |       |     3 |     6 |     2 ||    11
 Stab: Sleeping          |       |       |       |       |     1 ||     1
  Eat: Chunk             |     4 |     4 |     6 |    15 |     7 ||    36
       Beef jerky        |     1 |       |       |       |       ||     1
       Pizza             |     1 |     1 |       |       |       ||     2
Armor: Robe              |    35 |    24 |       |       |       ||    59
       Ice dragon armour |       |    19 |   143 |   121 |    29 ||   312
Dodge: Dodged            |    40 |    35 |   119 |   360 |    63 ||   617
